[Event "Titled Tuesday Blitz January 10 Late 2023"]
[White "Martinez, Shawn"]
[Black "Riverol, Jose"]
[WhiteFideId "2039770"]
[BlackFideId "3000427"]
[WhiteElo "1881"]
[BlackElo "2304"]
[Result "0-1"]
[Round "10"]
[TimeControl "180+2"]
[Date "2023.01.10"]
[WhiteClock "0:00:04"]
[BlackClock "0:00:46"]

1. d4 Nf6 2. Nf3 g6 3. e3 Bg7 4. Bd3 O-O 5. b3 d5 6. Bb2 Bf5 7. O-O Ne4 8. c4 c5 9. Ne5 cxd4 10. Bxd4 dxc4 11. Bxc4 Qc7 12. f4 Nc6 13. Nxc6 Qxc6 14. Bxg7 Kxg7 15. Qd4+ f6 16. Bd5 Qd7 17. Bxe4 Qxd4 18. exd4 Bxe4 19. Nc3 Bf5 20. Rfe1 Kf7 21. Na4 Rfd8 22. Rac1 Rxd4 23. Rc7 Rd7 24. Rxd7 Bxd7 25. Nc5 Bc6 26. g4 Rd8 27. Ne6 Rd2 28. f5 Rg2+ 29. Kf1 Rxh2 0-1


[Site "https://www.chess.com"]

[Event "Titled Tuesday Blitz January 10 Late 2023"]
[White "Naroditsky, Daniel"]
[Black "Andreikin, Dmitry"]
[WhiteFideId "2026961"]
[BlackFideId "4158814"]
[WhiteElo "2618"]
[BlackElo "2729"]
[Result "1/2-1/2"]
[Round "11"]
[TimeControl "180+2"]
[Date "2023.01.10"]
[WhiteClock "0:01:17"]
[BlackClock "0:01:06"]

1. e4 e6 2. d4 d5 3. Nd2 Nf6 4. e5 Nfd7 5. Bd3 c5 6. c3 Nc6 7. Ngf3 Qb6 8. O-O Be7 9. dxc5 Qc7 10. Nb3 Ndxe5 11. Nxe5 Qxe5 12. Re1 Qf6 13. Qh5 g6 14. Qe2 O-O 15. Bb5 Bd7 16. Be3 a6 17. Bxc6 Bxc6 18. Bd4 Qg5 19. Qf3 Rae8 20. Re3 Bd8 21. Rae1 Bc7 22. Be5 d4 23. Qg3 1/2-1/2


[Site "https://www.chess.com"]

[Event "Titled Tuesday Blitz January 10 Late 2023"]
[White "Sevian, Samuel"]
[Black "Duda, Jan-Krzysztof"]
[WhiteFideId "2040506"]
[BlackFideId "1170546"]
[WhiteElo "2684"]
[BlackElo "2724"]
[Result "1-0"]
[Round "11"]
[TimeControl "180+2"]
[Date "2023.01.10"]
[WhiteClock "0:00:10"]
[BlackClock "0:00:07"]

1. e4 c5 2. Nf3 d6 3. d4 cxd4 4. Nxd4 Nf6 5. Nc3 a6 6. Bg5 Nbd7 7. Bc4 Qb6 8. Bb3 e6 9. Qd2 Be7 10. O-O-O Nc5 11. Rhe1 h6 12. Bh4 O-O 13. g3 Qc7 14. f4 b5 15. e5 dxe5 16. fxe5 Ne8 17. Bxe7 Qxe7 18. Ne4 Nxe4 19. Rxe4 Bb7 20. Rg4 Kh8 21. c3 Rd8 22. Rf1 f5 23. Rg6 Nc7 24. h4 b4 25. Rd1 bxc3 26. bxc3 Be4 27. Kb2 f4 28. Rg4 Bf3 29. Nxf3 Rxd2+ 30. Rxd2 fxg3 31. Rxg3 Nb5 32. Nd4 Nxd4 33. cxd4 Qxh4 34. Rgd3 Qg4 35. d5 exd5 36. Rxd5 h5 37. e6 Kh7 38. e7 Re8 39. Re5 g6 40. Rde2 Qf4 41. R5e4 Qf6+ 42. Kb1 Qf5 43. Bc2 Kh6 44. Re6 Qg5 45. Rxg6+ Qxg6 46. Bxg6 Kxg6 47. Kc2 h4 48. Kd3 Kg5 49. Kd4 h3 50. Kd5 Kf4 51. Kd6 Kf3 52. Rb2 Rh8 53. Kd7 Kg3 54. e8=Q Rxe8 55. Kxe8 h2 56. Rb1 Kg2 57. Kd7 a5 58. a4 h1=Q 59. Rxh1 Kxh1 60. Kc6 Kg2 61. Kb5 Kf3 62. Kxa5 Ke4 63. Kb6 Kd5 64. a5 1-0


[Site "https://www.chess.com"]

[Event "Titled Tuesday Blitz January 10 Late 2023"]
[White "Deac, Bogdan-Daniel"]
[Black "Jobava, Baadur"]
[WhiteFideId "1226380"]
[BlackFideId "13601520"]
[WhiteElo "2700"]
[BlackElo "2578"]
[Result "1-0"]
[Round "11"]
[TimeControl "180+2"]
[Date "2023.01.10"]
[WhiteClock "0:00:04"]
[BlackClock "0:00:15"]

1. e4 d6 2. d4 Nf6 3. Nc3 e5 4. Nf3 Nbd7 5. Rg1 g6 6. Be3 Bg7 7. dxe5 dxe5 8. Qd2 c6 9. O-O-O Qe7 10. g4 O-O 11. Qd6 Qxd6 12. Rxd6 Re8 13. g5 Nh5 14. Bh3 Nb6 15. Bxc8 Raxc8 16. b3 Rcd8 17. Rxd8 Rxd8 18. Rd1 Rxd1+ 19. Kxd1 Nc8 20. a4 Kf8 21. a5 Ke8 22. Na4 Nf4 23. Nc5 b6 24. axb6 axb6 25. Bxf4 exf4 26. Nd3 Nd6 27. e5 Ne4 28. Ke1 h6 29. h4 hxg5 30. hxg5 Bf8 31. Nxf4 Be7 32. e6 Bd6 33. exf7+ Kxf7 34. Nd3 Ke6 35. Ke2 Be7 36. Nd4+ Kd5 37. Ke3 Nc3 38. Nf4+ Kc5 39. Nxg6 Bxg5+ 40. Kd3 Nd5 41. Ne6+ Kb4 42. Nxg5 b5 43. Ne5 c5 44. Ne6 Ne7 45. f4 Nd5 46. f5 Nf6 47. Nc6+ Ka3 48. Nxc5 b4 49. Ne4 Nd5 50. f6 Nf4+ 51. Kd2 Ne6 52. f7 Nf8 53. Nd6 Ne6 54. Nc4+ Ka2 55. Nxb4+ Ka1 56. Nd5 Kb1 57. Ne7 Ka1 58. Ng6 Nd4 59. f8=Q Nxb3+ 60. cxb3 Kb1 61. Qe7 Ka2 62. Kc2 Ka1 63. Qa3# 1-0


[Site "https://www.chess.com"]

[Event "Titled Tuesday Blitz January 10 Late 2023"]
[White "Martinez Alcantara, Jose Eduardo"]
[Black "Xiong, Jeffery"]
[WhiteFideId "3805662"]
[BlackFideId "2047640"]
[WhiteElo "2619"]
[BlackElo "2692"]
[Result "1-0"]
[Round "11"]
[TimeControl "180+2"]
[Date "2023.01.10"]
[WhiteClock "0:00:02"]
[BlackClock "0:00:28"]

1. e4 c5 2. Nf3 e6 3. c3 d5 4. exd5 exd5 5. d4 c4 6. b3 cxb3 7. axb3 Bd6 8. Bd3 Ne7 9. h3 h6 10. Qc2 O-O 11. O-O a5 12. Na3 Nbc6 13. Nb5 Bb8 14. Ba3 Re8 15. Rfe1 Be6 16. Ne5 Nxe5 17. dxe5 Nc6 18. Bd6 Qb6 19. Bxb8 Raxb8 20. Qd2 Bd7 21. Qf4 Nxe5 22. Rxe5 Bxb5 23. c4 Ba6 24. Rxd5 Qxb3 25. Raxa5 Rbd8 26. Kh2 Qc3 27. Rxd8 Rxd8 28. Rd5 Qxd3 29. Rxd3 Rxd3 30. Qe4 Rd8 31. c5 Rc8 32. Qd5 Rc6 33. g4 Re6 34. f4 Rc6 35. f5 g6 36. Kg3 gxf5 37. Qxf5 Re6 38. Qd5 Rc6 39. h4 Re6 40. Kf4 Rc6 41. Qd8+ Kg7 42. Qd4+ Kg8 43. h5 Re6 44. Kg3 Rc6 45. Qd8+ Kg7 46. Qd5 Kg8 47. Kh4 Kg7 48. Qe5+ Kg8 49. Qf4 Kg7 50. g5 hxg5+ 51. Qxg5+ Kh7 52. Qf5+ Kg7 53. Kg5 Re6 54. Qd5 Rc6 55. Qd4+ Kh7 56. Qe3 Kg7 57. Qd4+ Kh7 58. Kh4 Re6 59. Qd8 Rc6 60. Qf8 Bc4 61. Qe7 Bd5 62. Qxb7 Rxc5 63. Qb1+ Kg8 64. Qg1+ 1-0


[Site "https://www.chess.com"]

[Event "Titled Tuesday Blitz January 10 Late 2023"]
[White "Chigaev, Maksim"]
[Black "Paravyan, David"]
[WhiteFideId "4108116"]
[BlackFideId "4194985"]
[WhiteElo "2628"]
[BlackElo "2601"]
[Result "0-1"]
[Round "11"]
[TimeControl "180+2"]
[Date "2023.01.10"]
[WhiteClock "0:00:07"]
[BlackClock "0:00:07"]

1. e4 e5 2. Bc4 Nf6 3. d3 c6 4. Nf3 d5 5. Bb3 Bd6 6. Nc3 O-O 7. Bg5 d4 8. Ne2 a5 9. a3 a4 10. Ba2 c5 11. h3 Nc6 12. g4 Be6 13. Ng3 b5 14. Nf5 Bc7 15. h4 c4 16. h5 Ra6 17. Kf1 Nb8 18. Qe2 Rc6 19. Bh4 Nbd7 20. Qd2 cxd3 21. cxd3 Bxa2 22. Rxa2 Kh8 23. Ra1 Ba5 24. Qg5 Rg8 25. Bg3 Qe8 26. h6 g6 27. Ng7 Qe7 28. Nxe5 Rc5 29. f4 Bd2 30. Qh4 g5 31. Nf5 Qe6 32. Qh2 gxf4 33. Nxd7 Nxd7 34. Bxf4 Be3 35. Nxe3 dxe3 36. Bxe3 Rc6 37. Bd4+ f6 38. Rg1 Rd6 39. Bc3 Rxd3 40. Qf4 Rg6 41. Qf5 Qc4 42. Kf2 Kg8 43. Rad1 Qc5+ 44. Qxc5 Nxc5 45. Rxd3 Nxd3+ 46. Ke3 Nc5 47. Kf4 Kf7 48. e5 fxe5+ 49. Bxe5 Rxh6 50. Rd1 Ke7 51. Kf5 Nd7 52. g5 Rh3 53. Bf6+ Ke8 54. Re1+ Kf8 55. Rd1 Ke8 56. Rd5 Rf3+ 57. Ke6 Re3+ 58. Kd6 Rb3 59. Kc6 Nxf6 60. gxf6 Kf7 61. Rxb5 Rxb5 62. Kxb5 h5 63. Kxa4 h4 64. b4 h3 65. b5 h2 66. b6 h1=Q 67. b7 Qxb7 0-1


[Site "https://www.chess.com"]

[Event "Titled Tuesday Blitz January 10 Late 2023"]
[White "Caruana, Fabiano"]
[Black "Rustemov, Alexander"]
[WhiteFideId "2020009"]
[BlackFideId "4119002"]
[WhiteElo "2764"]
[BlackElo "2525"]
[Result "1-0"]
[Round "11"]
[TimeControl "180+2"]
[Date "2023.01.10"]
[WhiteClock "0:00:25"]
[BlackClock "0:00:02"]

1. d4 d5 2. c4 c6 3. Nf3 Nf6 4. Nc3 a6 5. e3 Bf5 6. Nh4 Bg6 7. Nxg6 hxg6 8. Bd3 e6 9. O-O Nbd7 10. h3 Be7 11. b3 O-O 12. Bb2 Bd6 13. Qe2 Qe7 14. Rad1 Rfe8 15. g3 Rad8 16. Kg2 e5 17. cxd5 cxd5 18. dxe5 Nxe5 19. Bb1 Ba3 20. Bxa3 Qxa3 21. Qd2 Nc6 22. Ne2 Ne4 23. Qc1 Qxc1 24. Rxc1 d4 25. Nxd4 Nxd4 26. exd4 Rxd4 27. Rfe1 Kf8 28. h4 Nd6 29. Red1 Rxd1 30. Rxd1 Ke7 31. Bd3 Rc8 32. g4 a5 33. Kf3 Rc5 34. Ke3 g5 35. h5 b6 36. f4 f6 37. Re1 Kd7 38. fxg5 Rxg5 39. Kf4 Rd5 40. Re3 Rd4+ 41. Kg3 Nf7 42. Bf5+ Kd8 43. Rc3 Nd6 44. Bg6 Kd7 45. Re3 b5 46. Re2 b4 47. Rc2 Rd1 48. Rc5 Rg1+ 49. Kf3 Rf1+ 50. Kg2 Re1 51. Rxa5 Kc6 52. Ra7 Nb7 53. Kf3 Kb6 54. Ra4 Re7 55. Rxb4+ Kc5 56. Rc4+ Kd6 57. Rd4+ Kc5 58. Re4 Rd7 59. b4+ Kb6 60. a4 Nd6 61. Rd4 Kc7 62. b5 Re7 63. b6+ Kc6 64. a5 Re5 65. Ra4 Kb7 66. a6+ 1-0


[Site "https://www.chess.com"]

[Event "Titled Tuesday Blitz January 10 Late 2023"]
[White "Ivic, Velimir"]
[Black "Sarana, Alexey"]
[WhiteFideId "950122"]
[BlackFideId "24133795"]
[WhiteElo "2595"]
[BlackElo "2685"]
[Result "0-1"]
[Round "11"]
[TimeControl "180+2"]
[Date "2023.01.10"]
[WhiteClock "0:00:02"]
[BlackClock "0:00:58"]

1. d4 d5 2. c4 e6 3. Nc3 Nf6 4. cxd5 Nxd5 5. e4 Nxc3 6. bxc3 c5 7. Nf3 cxd4 8. cxd4 Bb4+ 9. Bd2 Bxd2+ 10. Qxd2 O-O 11. Bc4 Nd7 12. O-O b6 13. d5 Nc5 14. Rfe1 exd5 15. exd5 Qf6 16. Ne5 Bf5 17. Qf4 Rad8 18. Nc6 Rd7 19. Rad1 Bc2 20. Qxf6 gxf6 21. Rd2 Ba4 22. Nd4 Rfd8 23. a3 Nb7 24. Ba2 Nd6 25. Nc6 Rc8 26. Rc1 Kf8 27. f3 Nf5 28. Re2 Ne7 29. Re4 Bxc6 30. dxc6 Rxc6 31. Rxc6 Nxc6 32. h4 Rd1+ 33. Kh2 Rd2 34. Bc4 Ne5 35. Be2 Ra2 36. f4 Nd7 37. Re3 Nc5 38. Kh3 Rb2 39. Bc4 Rc2 40. Bd5 Rd2 41. Bc4 Rd4 42. Be2 Rxf4 43. Bf3 Rd4 44. g4 0-1


[Site "https://www.chess.com"]

[Event "Titled Tuesday Blitz January 10 Late 2023"]
[White "Svane, Rasmus"]
[Black "Kozak, Adam"]
[WhiteFideId "4657101"]
[BlackFideId "753246"]
[WhiteElo "2623"]
[BlackElo "2572"]
[Result "0-1"]
[Round "11"]
[TimeControl "180+2"]
[Date "2023.01.10"]
[WhiteClock "0:00:24"]
[BlackClock "0:00:34"]

1. Nf3 c5 2. c4 Nc6 3. Nc3 g6 4. e3 Bg7 5. d4 d6 6. Be2 e6 7. O-O cxd4 8. exd4 Nge7 9. Bg5 h6 10. Bh4 d5 11. cxd5 exd5 12. Bxe7 Nxe7 13. Bb5+ Bd7 14. Bxd7+ Qxd7 15. Re1 O-O 16. Ne5 Qd6 17. Qb3 Nc6 18. Nb5 Qd8 19. Rad1 Rb8 20. Nc3 Ne7 21. Ng4 Qd7 22. Ne3 Rfd8 23. h3 h5 24. a4 b6 25. Re2 Nc6 26. Red2 Ne7 27. Re1 Rbc8 28. Nexd5 Nxd5 29. Nxd5 Qxd5 30. Re8+ Kh7 31. Qxd5 Rc1+ 32. Kh2 Rxd5 33. Re7 Rxd4 34. Rxd4 Bxd4 35. Rxf7+ Kh6 36. b4 a5 37. bxa5 bxa5 38. f4 h4 39. g4 hxg3+ 40. Kxg3 Rc4 41. Rd7 Rxa4 42. Rd6 Bb2 43. Kf3 Bc1 44. f5 Rf4+ 45. Ke2 Rxf5 46. Rc6 Bf4 47. h4 Kh5 48. Rc8 Kxh4 49. Kf3 Kg5 50. Ke4 Bd2 51. Rc5 Rxc5 52. Kd4 Rf5 0-1


[Site "https://www.chess.com"]

[Event "Titled Tuesday Blitz January 10 Late 2023"]
[White "Mosadeghpour, Masoud"]
[Black "Borges Feria, Yasel"]
[WhiteFideId "12519278"]
[BlackFideId "3504921"]
[WhiteElo "2472"]
[BlackElo "2439"]
[Result "1-0"]
[Round "11"]
[TimeControl "180+2"]
[Date "2023.01.10"]
[WhiteClock "0:00:49"]
[BlackClock "0:00:10"]

1. e4 e5 2. Nf3 Nc6 3. Nc3 Nf6 4. g3 d5 5. exd5 Nxd5 6. Bg2 Nxc3 7. bxc3 Bd6 8. O-O O-O 9. Re1 Re8 10. Rb1 Rb8 11. d3 Bd7 12. h3 b6 13. Ng5 h6 14. Nxf7 Kxf7 15. Bd5+ Ke7 16. Qh5 Rf8 17. Qg6 Qe8 18. Qxg7+ Kd8 19. Bxh6 Ne7 20. Qxf8 Qxf8 21. Bxf8 Nxd5 22. Bg7 Nxc3 23. Rb3 Nxa2 24. Bxe5 a5 25. Bxd6 cxd6 26. c3 Rc8 27. Rxb6 Nxc3 28. h4 a4 29. h5 Kc7 30. Rb4 d5 31. h6 Kd6 32. d4 Bb5 33. Kg2 Bd3 34. Re3 Be4+ 35. f3 Nd1 36. Re2 Nc3 37. Re1 Bc2 38. Rb6+ Kd7 39. g4 a3 40. g5 a2 41. g6 Nb1 42. Ra6 Bxg6 43. Rxa2 Nc3 44. Ra7+ Kd6 45. Ra6+ Rc6 46. Rxc6+ Kxc6 47. Re6+ 1-0


[Site "https://www.chess.com"]

[Event "Titled Tuesday Blitz January 10 Late 2023"]
[White "Fernandez Guillen, Ernesto J."]
[Black "Svane, Frederik"]
[WhiteFideId "3512428"]
[BlackFideId "12923044"]
[WhiteElo "2477"]
[BlackElo "2600"]
[Result "0-1"]
[Round "11"]
[TimeControl "180+2"]
[Date "2023.01.10"]
[WhiteClock "0:00:48"]
[BlackClock "0:00:26"]

1. e4 c5 2. Nf3 d6 3. d4 cxd4 4. Nxd4 Nf6 5. Nc3 Nc6 6. Bc4 Bd7 7. Bb3 e6 8. Be3 Be7 9. Rg1 Na5 10. g4 h5 11. h3 Rc8 12. g5 Rxc3 13. bxc3 Nxe4 14. g6 Bf6 15. gxf7+ Kxf7 16. Qd3 d5 17. f3 Nd6 18. Qg6+ Kf8 19. Bg5 e5 20. Ne2 Nac4 21. O-O-O Qa5 22. Kb1 Bf5 23. Bxc4 Nxc4 0-1


[Site "https://www.chess.com"]

[Event "Titled Tuesday Blitz January 10 Late 2023"]
[White "Baskakov, Egor"]
[Black "Maksimovic, Bojan"]
[WhiteFideId "24197866"]
[BlackFideId "14408120"]
[WhiteElo "2215"]
[BlackElo "2486"]
[Result "1/2-1/2"]
[Round "11"]
[TimeControl "180+2"]
[Date "2023.01.10"]
[WhiteClock "0:00:09"]
[BlackClock "0:00:03"]

1. e4 g6 2. g3 Bg7 3. Bg2 d6 4. Ne2 Bd7 5. h3 Qc8 6. d4 Nc6 7. c4 e5 8. Be3 Nf6 9. Nbc3 O-O 10. d5 Ne7 11. g4 h5 12. f3 c6 13. Ng3 h4 14. Nge2 Nh7 15. f4 exf4 16. Bxf4 cxd5 17. cxd5 Qc5 18. Qd2 Rae8 19. Be3 Qa5 20. O-O Nc8 21. Rac1 Qd8 22. b3 Bf6 23. Kh1 Bg5 24. Nf4 Re5 25. Nd3 Ree8 26. Nf4 Re5 27. Qd3 Rfe8 28. Rf2 R5e7 29. Rcf1 Nb6 30. a4 Bc8 31. Nb5 a6 32. Nc3 Nd7 33. Nce2 Ne5 34. Qd2 b5 35. axb5 axb5 36. Nd4 Rc7 37. Nxb5 Rb7 38. Nd4 Bd7 39. Rb1 Nc4 40. bxc4 Rxb1+ 41. Kh2 Rb8 42. Qd3 Qe7 43. Nc6 Bxc6 44. dxc6 Rbc8 45. Bd4 Rxc6 46. e5 dxe5 47. Bxc6 Bxf4+ 48. Rxf4 Rc8 49. Bd5 exf4 50. Qxg6+ Kf8 51. Qg7+ Ke8 52. Qxh7 Qe2+ 53. Kh1 Qf1+ 54. Kh2 Qe2+ 55. Bg2 f3 56. Qg8+ Ke7 57. Qg5+ Ke8 58. Qg8+ Ke7 59. Qg5+ Ke8 60. Qg8+ 1/2-1/2


[Site "https://www.chess.com"]

[Event "Titled Tuesday Blitz January 10 Late 2023"]
[White "Zhigalko, Sergei"]
[Black "Nazari, Arad"]
[WhiteFideId "13502956"]
[BlackFideId "12577324"]
[WhiteElo "2572"]
[BlackElo "2367"]
[Result "1-0"]
[Round "11"]
[TimeControl "180+2"]
[Date "2023.01.10"]
[WhiteClock "0:00:22"]
[BlackClock "0:00:19"]

1. e4 c5 2. Nf3 d6 3. d4 cxd4 4. Qxd4 Nc6 5. Bb5 Bd7 6. Bxc6 Bxc6 7. Nc3 Nf6 8. Bg5 e6 9. O-O-O Be7 10. Rhe1 O-O 11. Kb1 h6 12. Bh4 b5 13. Bxf6 Bxf6 14. Qxd6 Qb6 15. Ne5 Bxe5 16. Qxe5 b4 17. Ne2 Qxf2 18. Nf4 Rfe8 19. Nh5 f6 20. Qc7 Qxg2 21. Rg1 Rac8 22. Qxa7 Ra8 23. Qxa8 Qxg1 24. Qxe8+ Bxe8 25. Nxf6+ Kf7 26. Rxg1 Kxf6 27. Rg3 g5 28. Rb3 Ke5 29. Rxb4 Bc6 30. a4 h5 31. a5 g4 32. Rb6 Kd6 33. Rb8 Bxe4 34. Rh8 1-0


[Site "https://www.chess.com"]

[Event "Titled Tuesday Blitz January 10 Late 2023"]
[White "Wieczorek, Oskar"]
[Black "Indjic, Aleksandar"]
[WhiteFideId "1133950"]
[BlackFideId "911925"]
[WhiteElo "2512"]
[BlackElo "2618"]
[Result "1/2-1/2"]
[Round "11"]
[TimeControl "180+2"]
[Date "2023.01.10"]
[WhiteClock "0:00:04"]
[BlackClock "0:00:03"]

1. e4 e5 2. Nf3 Nc6 3. Nc3 Nf6 4. h3 d5 5. exd5 Nxd5 6. Bb5 Nxc3 7. bxc3 Bd6 8. d4 exd4 9. cxd4 O-O 10. O-O Ne7 11. Re1 h6 12. Bf1 c5 13. Bb2 Nf5 14. d5 Bd7 15. c4 Re8 16. Bd3 Rxe1+ 17. Qxe1 Bf8 18. Qe4 g6 19. Re1 Bg7 20. Bxg7 Nxg7 21. g4 Qf6 22. Ne5 Rd8 23. Re3 Be8 24. f4 Ba4 25. Nf3 Re8 26. Ne5 h5 27. g5 Qd6 28. Qf3 Bd7 29. Nxd7 Rxe3 30. Qxe3 Qxd7 31. Kg2 b6 32. Qe5 Kf8 33. d6 Qe6 34. Be4 h4 35. Bd5 Qxe5 36. fxe5 Ke8 37. Kf3 Nf5 38. Kf4 a6 39. a4 Nd4 40. Kg4 Nf5 41. Bb7 Ne3+ 42. Kxh4 Nxc4 43. Bxa6 Nxe5 44. Bb5+ Kd8 45. Kg3 c4 46. Kf4 c3 47. Ke3 Kc8 48. Be8 Kd8 49. Bb5 Kc8 50. Be8 Kd8 51. Bb5 1/2-1/2


[Site "https://www.chess.com"]

[Event "Titled Tuesday Blitz January 10 Late 2023"]
[White "Sokolovsky, Yahli"]
[Black "Makarian, Rudik"]
[WhiteFideId "2820242"]
[BlackFideId "44105681"]
[WhiteElo "2461"]
[BlackElo "2545"]
[Result "1-0"]
[Round "11"]
[TimeControl "180+2"]
[Date "2023.01.10"]
[WhiteClock "0:00:12"]
[BlackClock "0:00:05"]

1. b3 d5 2. e3 Nf6 3. d4 Bf5 4. Bd3 e6 5. Bxf5 exf5 6. Qd3 Qd7 7. Nf3 Nc6 8. O-O Bd6 9. Ba3 Ne4 10. c4 Bxa3 11. Nxa3 O-O 12. Nb1 Nb4 13. Qd1 dxc4 14. bxc4 c5 15. a3 Nc6 16. d5 Na5 17. Nbd2 b5 18. Qc2 Nxd2 19. Nxd2 Rab8 20. Rab1 a6 21. Qc3 Nb7 22. Rfd1 Rfc8 23. Rb2 Nd6 24. Rdb1 f6 25. h3 Kf7 26. Qd3 Qe7 27. g3 g6 28. h4 h5 29. a4 b4 30. a5 Qe5 31. Nb3 Qe4 32. Qxe4 Nxe4 33. Nd2 Nd6 34. Kf1 Rc7 35. Ke2 Re8 36. Kd3 g5 37. Rh1 Kg6 38. Rbb1 Rce7 39. Rh2 f4 40. gxf4 gxf4 41. Rg1+ Kf5 42. Rh3 Ne4 43. Rf3 Nxd2 44. Rxf4+ Ke5 45. Kxd2 Rb8 46. Kc2 b3+ 47. Kb2 Rb4 48. Rg6 Rf7 49. Rh6 Ra4 50. Rxh5+ f5 51. Rh6 Rf6 52. Rxf6 Kxf6 53. Kxb3 Rxa5 54. e4 Ke5 55. Rxf5+ Kxe4 56. Rg5 Ra1 57. d6 Rb1+ 58. Kc2 Rb4 59. Kc3 Rb8 60. d7 Rd8 61. Rd5 a5 62. h5 a4 63. h6 1-0


[Site "https://www.chess.com"]

[Event "Titled Tuesday Blitz January 10 Late 2023"]
[White "Movahed, Sina"]
[Black "Rostomyan, Mikayel"]
[WhiteFideId "42520835"]
[BlackFideId "13313754"]
[WhiteElo "2340"]
[BlackElo "2222"]
[Result "1-0"]
[Round "11"]
[TimeControl "180+2"]
[Date "2023.01.10"]
[WhiteClock "0:01:13"]
[BlackClock "0:00:13"]

1. e4 c5 2. Nf3 Nc6 3. Bb5 g6 4. O-O Bg7 5. c3 Nf6 6. Re1 O-O 7. h3 a6 8. Bxc6 bxc6 9. d3 d5 10. e5 Nd7 11. Bf4 e6 12. Qc1 Rb8 13. c4 a5 14. Nc3 Nb6 15. b3 a4 16. Bh6 axb3 17. axb3 Nd7 18. Ra3 f6 19. exf6 Qxf6 20. Bxg7 Kxg7 21. Na4 d4 22. Qg5 e5 23. Qxf6+ Kxf6 24. Nd2 Ke7 25. Ne4 Ra8 26. Rea1 h6 27. Naxc5 Rxa3 28. Rxa3 Nxc5 29. Nxc5 Bf5 30. g4 Be6 31. Ra7+ Ke8 32. Nxe6 Rf3 33. Nc5 Rxh3 34. Kg2 Rh4 35. f3 h5 36. g5 Rf4 37. Ne4 Kd8 38. Rg7 1-0


[Site "https://www.chess.com"]

[Event "Titled Tuesday Blitz January 10 Late 2023"]
[White "Boros, Denes"]
[Black "Petukhov, Dmitry"]
[WhiteFideId "722340"]
[BlackFideId "4142748"]
[WhiteElo "2406"]
[BlackElo "2350"]
[Result "1-0"]
[Round "11"]
[TimeControl "180+2"]
[Date "2023.01.10"]
[WhiteClock "0:00:17"]
[BlackClock "0:00:04"]

1. d4 Nf6 2. Nc3 d5 3. Nf3 Bf5 4. Ne5 e6 5. Bf4 Nfd7 6. e3 Nxe5 7. Bxe5 Nd7 8. Bf4 Bd6 9. Bxd6 cxd6 10. a3 O-O 11. g4 Bg6 12. h4 h6 13. Ne2 Rc8 14. c3 Qb6 15. Qd2 e5 16. Bg2 Nf6 17. f3 Rfe8 18. O-O e4 19. g5 exf3 20. gxf6 fxg2 21. Rf2 Be4 22. fxg7 Qd8 23. Rf4 Kxg7 24. Ng3 f5 25. Nxe4 dxe4 26. Qf2 Rf8 27. Kh2 Kh7 28. Rg1 Rc7 29. Rxg2 Rg7 30. Rxf5 Rxg2+ 31. Kxg2 Rg8+ 32. Kh2 Rg7 33. Rf6 Qd7 34. Qf4 Kg8 35. Rf8+ Kh7 36. Qxe4+ Rg6 37. h5 1-0


[Site "https://www.chess.com"]

[Event "Titled Tuesday Blitz January 10 Late 2023"]
[White "Martinez Reyes, Pedro Ramon"]
[Black "Kazakouski, Valery"]
[WhiteFideId "3901807"]
[BlackFideId "13507443"]
[WhiteElo "2376"]
[BlackElo "2539"]
[Result "1-0"]
[Round "11"]
[TimeControl "180+2"]
[Date "2023.01.10"]
[WhiteClock "0:01:21"]
[BlackClock "0:00:17"]

1. e4 c5 2. Na3 g6 3. Nf3 Bg7 4. c3 Nf6 5. e5 Nd5 6. d4 cxd4 7. Qxd4 Nc7 8. Nb5 Nc6 9. Qe4 Nxb5 10. Bxb5 Qa5 11. a4 a6 12. Bxc6 dxc6 13. O-O Bf5 14. Qh4 h6 15. Re1 Rd8 16. Nd4 Bxe5 17. Nxf5 gxf5 18. Bf4 Rd5 19. c4 Rc5 20. b4 Qc7 21. bxc5 Bxf4 22. Qh5 Qc8 23. Ra2 Kf8 24. Ra3 Bg5 25. Rd3 f4 26. Red1 Qe6 27. Rd4 Qe5 28. Rd8+ Kg7 29. Rxh8 Kxh8 30. h4 1-0


[Site "https://www.chess.com"]

[Event "Titled Tuesday Blitz January 10 Late 2023"]
[White "Defend, Balint"]
[Black "Bortnyk, Olexandr"]
[WhiteFideId "17004853"]
[BlackFideId "14120828"]
[WhiteElo "1673"]
[BlackElo "2605"]
[Result "1/2-1/2"]
[Round "11"]
[TimeControl "180+2"]
[Date "2023.01.10"]
[WhiteClock "0:00:26"]
[BlackClock "0:00:08"]

1. e4 Nf6 2. e5 Nd5 3. c4 Nb6 4. d4 d6 5. exd6 exd6 6. h3 Be7 7. Bd3 O-O 8. Nf3 Nc6 9. Nc3 Bf6 10. O-O Re8 11. b3 g6 12. Be3 Ne7 13. Rc1 Bf5 14. d5 Bxd3 15. Qxd3 Nf5 16. Ne4 Bg7 17. Bd2 Nd7 18. Bc3 Bxc3 19. Nxc3 Nh4 20. Rfe1 Rxe1+ 21. Rxe1 Nc5 22. Qe3 Qf6 23. Nxh4 Qxh4 24. Ne4 Nxe4 25. Qxe4 Qxe4 26. Rxe4 Kf8 27. f4 a5 28. a4 Ra6 29. Kf2 Rb6 30. Re3 c6 31. dxc6 bxc6 32. Ke2 Rb4 33. Kd2 h5 34. g3 Rb7 35. Kc3 c5 36. g4 hxg4 37. hxg4 Ra7 38. g5 Re7 39. Rxe7 Kxe7 40. Kd3 Kd7 41. Ke3 Kd8 42. Ke4 Ke7 43. f5 Kd8 44. Kf4 Kc7 45. Ke4 Kc6 46. f6 Kc7 47. Kd3 Kd7 48. Ke3 Kc8 49. Kf4 Kd8 50. Ke3 Ke8 51. Kf4 Kd7 52. Ke3 Kc8 53. Kf4 Kb8 54. Ke3 Kb7 55. Kf4 Kb6 56. Ke3 Kc6 57. Ke4 Kd7 58. Kf4 Ke6 59. Ke4 d5+ 60. cxd5+ Kd6 61. Kd3 Kxd5 62. Kc3 Kd6 63. Kd3 Kd5 64. Kc3 Kd6 65. Kc4 Kc6 66. Kc3 Kd5 67. Kd3 Kd6 68. Kc3 Kd5 69. Kd3 Kd6 70. Kc4 Kc6 71. Kd3 Kd5 1/2-1/2


[Site "https://www.chess.com"]

[Event "Titled Tuesday Blitz January 10 Late 2023"]
[White "Zierk, Steven"]
[Black "Vlassov, Nikolai"]
[WhiteFideId "2034255"]
[BlackFideId "4103360"]
[WhiteElo "2488"]
[BlackElo "2283"]
[Result "1-0"]
[Round "11"]
[TimeControl "180+2"]
[Date "2023.01.10"]
[WhiteClock "0:00:12"]
[BlackClock "0:00:03"]

1. e4 c5 2. Nf3 d6 3. d4 cxd4 4. Nxd4 Nf6 5. Nc3 g6 6. Be3 a6 7. f3 Nbd7 8. Qd2 Qc7 9. g4 h6 10. h4 b5 11. O-O-O Bb7 12. Be2 Ne5 13. g5 hxg5 14. hxg5 Rxh1 15. Rxh1 Nfd7 16. Nd5 Bxd5 17. exd5 Rc8 18. b3 Nb6 19. f4 Nxd5 20. Nxb5 axb5 21. Bxb5+ Nd7 22. Bd4 Nc3 23. Bc4 d5 24. Ba6 Ne4 25. Qd3 Qxf4+ 26. Kb2 Rd8 27. Bb5 Qxg5 28. Rh8 f6 29. Qh3 Qd2 30. Bb6 f5 31. Rxf8+ Kxf8 32. Qh8+ Kf7 33. Bxd8 Ndf6 34. Bb6 Qc3+ 35. Ka3 Qxc2 36. Bd4 Qc1+ 37. Ka4 Nc3+ 38. Ka5 Qa3+ 39. Ba4 Nxa4 40. bxa4 Qxa2 41. Bxf6 exf6 42. Qh7+ Ke6 43. Qxg6 Qd2+ 44. Kb6 Qb4+ 45. Kc7 Qxa4 46. Qg1 1-0


[Site "https://www.chess.com"]

[Event "Titled Tuesday Blitz January 10 Late 2023"]
[White "Hansen, Eric"]
[Black "Averjanov, Alexey"]
[WhiteFideId "2606771"]
[BlackFideId "14109867"]
[WhiteElo "2609"]
[BlackElo "2399"]
[Result "1-0"]
[Round "11"]
[TimeControl "180+2"]
[Date "2023.01.10"]
[WhiteClock "0:02:02"]
[BlackClock "0:02:11"]

1. Nf3 d5 2. g3 Nf6 3. Bg2 e6 4. O-O b6 5. c4 Bb7 6. cxd5 exd5 7. d4 Bd6 8. Nc3 O-O 9. Nb5 Be7 10. Bf4 Na6 11. Rc1 c6 12. Nc3 Nc7 13. Qb3 Ne6 14. Be5 Nd7 15. Rfd1 Nxe5 16. Nxe5 Qd6 17. e3 f6 18. Nxc6 Bxc6 19. Nxd5 Kh8 20. Rxc6 Qxc6 21. Nxe7 Qd7 22. Bxa8 Rxa8 23. Qd5 Qxd5 24. Nxd5 Rc8 25. Nc3 1-0


[Site "https://www.chess.com"]